3327 views
Uploaded 2020-04-24 15:28:18
Game version 1.32.3
21:22 long 1on1 custom game on (2)ConcealedHill
Game name "W3Champions-20-tkHgpBgvSv"
Saved by Dziango
3327 views
Uploaded 2020-04-24 15:28:18
Game version 1.32.3
21:22 long 1on1 custom game on (2)ConcealedHill
Game name "W3Champions-20-tkHgpBgvSv"
42 units @ 5.9k
/ 0.8k
15 buildings @ 2.3k
/ 0.9k


| Rod of Necromancy | 4 | 600 |
| Sacrificial Skull | 2 | 100 |
| Orb of Corruption | 1 | 375 |
| Scroll of Healing | 3 | 750 |
| Potion of Lesser Invulnerability | 2 | 300 |
| total: | 12 | 2125g |
| Acolyte | 21 | 1575 | / | 0 |
| Ghoul | 2 | 240 | / | 0 |
| Crypt Fiend | 11 | 2365 | / | 440 |
| Obsidian Statue | 6 | 1200 | / | 210 |
| Gargoyle | 1 | 175 | / | 30 |
| Goblin Shredder | 1 | 375 | / | 100 |
| total: | 42 | 5930g | / | 780w |
| Nerubian Tower | 2 | 200 | / | 40 |
| Spirit Tower | 3 | 435 | / | 120 |
| Ziggurat | 9 | 1350 | / | 450 |
| Altar of Darkness | 1 | 180 | / | 50 |
| Crypt | 1 | 200 | / | 50 |
| Tomb of Relics | 1 | 130 | / | 30 |
| Graveyard | 1 | 215 | / | 0 |
| Slaughterhouse | 1 | 140 | / | 135 |
| Sacrificial Pit | 1 | 75 | / | 150 |
| Halls of the Dead | 1 | 320 | / | 210 |
| Black Citadel | 1 | 325 | / | 230 |
| total: | 15 | 2290g | / | 865w |
| 0:01 | Acolyte |
| 0:03 | Ziggurat |
| 0:05 | Altar of Darkness |
| 0:16 | Acolyte |
| 0:32 | Crypt |
| 0:42 | Acolyte |
| 0:58 | Tomb of Relics |
| 1:16 | Graveyard |
| 1:34 | Ghoul |
| 1:47 | Ghoul |
| 2:06 | Rod of Necromancy |
| 2:08 | Death Coil |
| 2:38 | Halls of the Dead |
| 2:51 | Crypt Fiend |
| 3:09 | Ziggurat |
| 3:20 | Rod of Necromancy |
| 3:54 | Unholy Aura |
| 4:00 | Crypt Fiend |
| 4:00 | Crypt Fiend |
| 5:12 | Ziggurat |
| 5:21 | Burrow |
| 5:24 | Slaughterhouse |
| 5:44 | Death Coil |
| 5:59 | Rod of Necromancy |
| 6:07 | Sacrificial Skull |
| 6:09 | Acolyte |
| 6:15 | Frost Nova |
| 6:21 | Crypt Fiend |
| 6:35 | Ziggurat |
| 7:13 | Obsidian Statue |
| 7:25 | Acolyte |
| 7:25 | Acolyte |
| 7:25 | Acolyte |
| 7:46 | Obsidian Statue |
| 8:26 | Nerubian Tower |
| 8:27 | Acolyte |
| 8:43 | Black Citadel |
| 8:49 | Crypt Fiend |
| 8:52 | Dark Ritual |
| 8:56 | Creature Attack |
| 8:57 | Ziggurat |
| 9:23 | Crypt Fiend |
| 9:31 | Ziggurat |
| 9:56 | Creature Carapace |
| 10:07 | Unholy Aura |
| 10:16 | Crypt Fiend |
| 10:26 | Goblin Shredder |
| 10:49 | Scroll of Healing |
| 11:24 | Frost Nova |
| 11:29 | Spirit Tower |
| 11:34 | Web |
| 11:51 | Obsidian Statue |
| 11:53 | Acolyte |
| 11:58 | Improved Creature Attack |
| 12:09 | Improved Creature Carapace |
| 12:15 | Orb of Corruption |
| 12:20 | Scroll of Healing |
| 12:23 | Rod of Necromancy |
| 12:43 | Acolyte |
| 13:19 | Obsidian Statue |
| 13:22 | Potion of Lesser Invulnerability |
| 13:27 | Acolyte |
| 13:36 | Sacrificial Pit |
| 13:38 | Sacrificial Skull |
| 13:59 | Scroll of Healing |
| 14:10 | Ziggurat |
| 14:12 | Ziggurat |
| 14:18 | Acolyte |
| 14:45 | Ziggurat |
| 14:55 | Acolyte |
| 14:55 | Acolyte |
| 15:07 | Spirit Tower |
| 15:17 | Spirit Tower |
| 15:30 | Acolyte |
| 15:45 | Nerubian Tower |
| 16:04 | Acolyte |
| 16:13 | Acolyte |
| 16:52 | Acolyte |
| 17:35 | Death Coil |
| 17:46 | Acolyte |
| 17:46 | Crypt Fiend |
| 17:57 | Gargoyle |
| 17:57 | Obsidian Statue |
| 18:15 | Obsidian Statue |
| 18:50 | Crypt Fiend |
| 19:03 | Crypt Fiend |
| 19:25 | Advanced Creature Attack |
| 19:28 | Acolyte |
| 19:53 | Crypt Fiend |
| 20:03 | Potion of Lesser Invulnerability |
| 20:18 | Acolyte |
| 20:52 | Dark Ritual |
63 units @ 9k
/ 1.1k
12 buildings @ 2k
/ 0.5k

x1)
| Rod of Necromancy | 2 | 300 |
| Sacrificial Skull | 1 | 50 |
| Potion of Mana | 4 | 800 |
| Potion of Healing | 3 | 450 |
| Scroll of Town Portal | 5 | 1750 |
| Scroll of Healing | 4 | 1000 |
| Dust of Appearance | 1 | 75 |
| Potion of Lesser Invulnerability | 2 | 300 |
| Tome of Retraining | 1 | 300 |
| Staff of Teleportation | 1 | 150 |
| Potion of Invisibility | 1 | 100 |
| Scroll of Protection | 1 | 150 |
| total: | 26 | 5425g |
| Acolyte | 15 | 1125 | / | 0 |
| Ghoul | 14 | 1680 | / | 0 |
| Gargoyle | 33 | 5775 | / | 990 |
| Goblin Shredder | 1 | 375 | / | 100 |
| total: | 63 | 8955g | / | 1090w |
| Nerubian Tower | 2 | 200 | / | 40 |
| Spirit Tower | 1 | 145 | / | 40 |
| Crypt | 2 | 400 | / | 100 |
| Altar of Darkness | 1 | 180 | / | 50 |
| Ziggurat | 5 | 750 | / | 250 |
| Tomb of Relics | 2 | 260 | / | 60 |
| Necropolis | 1 | 225 | / | 0 |
| Graveyard | 1 | 215 | / | 0 |
| Halls of the Dead | 1 | 320 | / | 210 |
| Black Citadel | 1 | 325 | / | 230 |
| total: | 12 | 2030g | / | 460w |
| 0:00 | Acolyte |
| 0:04 | Crypt |
| 0:09 | Altar of Darkness |
| 0:23 | Ziggurat |
| 0:31 | Acolyte |
| 0:48 | Tomb of Relics |
| 1:07 | Ghoul |
| 1:28 | Ghoul |
| 1:32 | Ziggurat |
| 1:46 | Ghoul |
| 2:10 | Sleep |
| 2:14 | Ghoul |
| 2:24 | Acolyte |
| 2:38 | Rod of Necromancy |
| 2:39 | Sacrificial Skull |
| 2:45 | Ghoul |
| 3:13 | Ghoul |
| 3:31 | Vampiric Aura |
| 3:34 | Ziggurat |
| 3:36 | Ghoul |
| 3:45 | Ghoul |
| 3:53 | Acolyte |
| 4:03 | Ghoul |
| 4:08 | Acolyte |
| 4:22 | Acolyte |
| 4:33 | Nerubian Tower |
| 4:39 | Acolyte |
| 4:47 | Acolyte |
| 5:02 | Ziggurat |
| 5:16 | Necropolis |
| 5:22 | Sleep |
| 5:24 | Halls of the Dead |
| 5:34 | Graveyard |
| 5:39 | Rod of Necromancy |
| 5:52 | Crypt |
| 6:07 | Nerubian Tower |
| 6:11 | Ghoul |
| 6:14 | Ghoul |
| 6:25 | Tomb of Relics |
| 7:05 | Ghoul |
| 7:09 | Ziggurat |
| 7:15 | Ghoul |
| 7:19 | Ghoul |
| 7:46 | Black Citadel |
| 7:48 | Gargoyle |
| 7:48 | Gargoyle |
| 7:53 | Gargoyle |
| 8:02 | Scroll of Town Portal |
| 8:05 | Spirit Tower |
| 8:17 | Gargoyle |
| 8:31 | Gargoyle |
| 8:39 | Goblin Shredder |
| 8:54 | Gargoyle |
| 9:00 | Vampiric Aura |
| 9:03 | Gargoyle |
| 9:25 | Gargoyle |
| 9:33 | Gargoyle |
| 9:45 | Gargoyle |
| 9:58 | Creature Attack |
| 9:58 | Creature Carapace |
| 10:23 | Potion of Lesser Invulnerability |
| 10:24 | Tome of Retraining |
| 10:24 | Retrain Hero |
| 10:24 | Scroll of Healing |
| 10:25 | Carrion Swarm |
| 10:26 | Carrion Swarm |
| 10:26 | Vampiric Aura |
| 11:24 | Gargoyle |
| 11:27 | Carrion Swarm |
| 11:30 | Gargoyle |
| 11:30 | Gargoyle |
| 11:34 | Gargoyle |
| 11:48 | Scroll of Healing |
| 11:49 | Potion of Mana |
| 11:54 | Improved Creature Attack |
| 11:56 | Scroll of Healing |
| 11:57 | Scroll of Town Portal |
| 12:03 | Potion of Healing |
| 12:04 | Potion of Mana |
| 12:23 | Improved Creature Carapace |
| 12:47 | Dust of Appearance |
| 13:10 | Gargoyle |
| 13:22 | Potion of Healing |
| 13:24 | Advanced Creature Attack |
| 13:25 | Gargoyle |
| 13:34 | Potion of Healing |
| 13:44 | Scroll of Town Portal |
| 14:18 | Staff of Teleportation |
| 14:18 | Potion of Invisibility |
| 14:21 | Scroll of Town Portal |
| 14:28 | Gargoyle |
| 14:28 | Gargoyle |
| 14:39 | Gargoyle |
| 14:58 | Gargoyle |
| 15:01 | Acolyte |
| 15:19 | Gargoyle |
| 15:36 | Acolyte |
| 15:36 | Acolyte |
| 15:47 | Acolyte |
| 15:58 | Acolyte |
| 16:03 | Inferno |
| 16:31 | Gargoyle |
| 16:49 | Potion of Mana |
| 16:51 | Scroll of Town Portal |
| 17:14 | Gargoyle |
| 17:26 | Acolyte |
| 17:35 | Gargoyle |
| 17:35 | Gargoyle |
| 17:52 | Potion of Mana |
| 18:14 | Acolyte |
| 18:35 | Gargoyle |
| 18:59 | Advanced Creature Carapace |
| 19:20 | Gargoyle |
| 19:48 | Potion of Lesser Invulnerability |
| 19:49 | Scroll of Protection |
| 19:52 | Scroll of Healing |
| 19:58 | Stone Form |
| 20:17 | Vampiric Aura |
| 20:24 | Gargoyle |
| 20:49 | Gargoyle |
| 20:49 | Gargoyle |
| 21:04 | Gargoyle |
| 21:04 | Gargoyle |
| 21:11 | Gargoyle |
| 21:19 | Sleep |